 Dungeon Crawl Stone Soup version 0.19.1 (webtiles) character file.

45 Menchi the Charmwright (level 3, 0/28 HPs)
             Began as a Formicid Skald on Dec 17, 2016.
             Succumbed to an adder's poison
             ... on level 2 of the Dungeon.
             The game lasted 00:04:15 (1550 turns).

Menchi the Charmwright (Formicid Skald)             Turns: 1550, Time: 00:04:16

Health: 0/28       AC:  3    Str: 16    XL:     3   Next: 90%
Magic:  6/6        EV: 14    Int: 11    God:
Gold:   86         SH:  0    Dex: 11    Spells: 1 memorised, 6 levels left

rFire  . . .     SeeInvis +     a - +0 falchion
rCold  . . .     Gourm    .     b - +0 leather armour
rNeg   . . .     Faith    .     (no shield)
rPois  .         Spirit   .     (helmet unavailable)
rElec  .         Reflect  .     (no cloak)
rCorr  .         Harm     .     (no gloves)
MR     .....                    (no boots)
Stlth  +.........               (no amulet)
                                (no ring)
                                h - +3 ring of evasion

@: lethally poisoned (0 -> -2)
A: permanent stasis, dig shafts and tunnels, four strong arms, antennae 3
a: Dig, Shaft Self


You were on level 2 of the Dungeon.
You were very hungry.

You visited 1 branch of the dungeon, and saw 2 of its levels.

You collected 86 gold pieces.

Inventory:

Hand Weapons
 a - a +0 falchion (weapon)
Armour
 b - a +0 leather armour (worn)
Jewellery
 h - a +3 ring of evasion (left hand)
 n - an uncursed ring of see invisible {unknown}
Scrolls
 e - 2 scrolls of identify
 f - 4 scrolls of enchant armour
 i - a scroll of magic mapping {unknown}
 j - 2 scrolls of noise
 k - a scroll of enchant weapon {unknown}
 m - a scroll of blinking {unknown}
 o - 2 scrolls of remove curse {unknown}
Books
 c - a book of Battle

   Spells                             Type                      Level
   a - Infusion                       Charms                       1
   b - Shroud of Golubria             Charms/Translocation         2
   c - Song of Slaying                Charms                       2
   d - Spectral Weapon                Hexes/Charms                 3
   e - Regeneration                   Charms/Necromancy            3
Comestibles
 d - 3 bread rations
 g - a meat ration
 p - a fruit


   Skills:
 + Level 2.4 Fighting
 + Level 2.4 Long Blades
 * Level 1.9 Armour
 + Level 1.1 Dodging
 + Level 2.5 Spellcasting
 + Level 3.3 Charms


You had 6 spell levels left.
You knew the following spells:

 Your Spells              Type           Power        Failure   Level  Hunger
a - Infusion              Chrm           #...         10%         1    ##.....


Dungeon Overview and Level Annotations

Branches:
Dungeon (2/15)

Altars:


Innate Abilities, Weirdness & Mutations

You are under a permanent stasis effect.
You can dig through walls and to a lower floor.
Your four strong arms can wield two-handed weapons with a shield.
You have a pair of large antennae on your head. (SInv)


Message History

As you read the scroll of identify, it crumbles to dust.
j - 2 scrolls of noise Unknown command.
There is a lethal amount of poison in your body!
* * * LOW HITPOINT WARNING * * *
You feel sick.
* * * LOW HITPOINT WARNING * * *
You feel sick.
Found a royal jelly.
You see here a glowing hat.
A frilled lizard comes into view.
* * * LOW HITPOINT WARNING * * *
You feel sick.
A goblin comes into view.
The goblin shouts!
The goblin wields a hunting sling.
The goblin shoots a stone.
The stone barely misses you.
You see here a stone.
Found 24 bolts.
You die...

....'..'....#
....####....#
..# ##### #....#
..# #.#### ..#
#.## #####..#
#..# #......#
##%###......#
####..##......#
#......+.(.@..#
#.###..#.l...##.
#
#..[.........g.
#.##..####.##...
#. ##.# .# ... #
#.# .# (. #.. .#
# ##l# .# .#


You could see a frilled lizard.

Vanquished Creatures
  An adder (D:2)
  An ooze (D:1)
  A dart slug (D:1)
  A ball python (D:1)
  6 bats (D:1)
  4 giant cockroaches (D:1)
  6 goblins (D:1)
  2 hobgoblins (D:1)
  2 kobolds (D:1)
  3 rats (D:1)
27 creatures vanquished.

Notes
Turn   | Place    | Note
-------+----------+-------------------------------------------
     0 | D:1      | Menchi the Formicid Skald began the quest for the Orb.
     0 | D:1      | Reached XP level 1. HP: 16/16 MP: 3/3
   192 | D:1      | Reached XP level 2. HP: 21/22 MP: 5/5
   279 | D:1      | HP: 1/22 [ooze (4)]
   281 | D:1      | Reached skill level 1 in Dodging
   765 | D:1      | Reached XP level 3. HP: 28/28 MP: 6/6
  1546 | D:2      | HP: 1/28 [poisoned by an adder]
  1550 | D:2      | Succumbed to an adder's poison

Skill      XL: |  1  2 |
---------------+-------+-----
Dodging        | 1 |  1.1
Fighting       | |  2.4
Long Blades    | |  2.4
Armour         | |  1.9
Spellcasting   | |  2.5
Charms         | |  3.3

Action                   || total
-------------------------++-------
Melee: Falchion          ||   102
 Cast: Infusion          ||     1
  Use: Scroll            ||     2
       Potion            ||     1
  Eat: Chunk             ||     1
Armor: Leather armour    ||    38
Dodge: Dodged            ||    88
       Rpst.: Falchion   ||    27
